BSA
MAUI TROPICS @ NEW ORLEANS LOOTERS
07/29/2028
 
TOP OF THE 1ST
Maui Tropics batting - Pitching for New Orleans Looters : RHP Chris Martin
Pitching: RHP Chris Martin
Batting: LHB Mike Pearson 0-0: Called Strike
0-1: Ball
1-1: Foul Ball, location: 2F
1-2: Foul Ball, location: 2F
1-2: Fly out, F7 (Flyball, 7LS)
Batting: LHB Luis Antonio Torres 0-0: Called Strike
0-1: Ball
1-1: Swinging Strike
1-2: DOUBLE (Flyball, 78XD)
Batting: RHB Jesús Espinoza 0-0: Ball
1-0: Foul Ball, location: 2F
1-1: Ground out 4-3 (Groundball, 4)
Luis Antonio Torres to third
Batting: RHB José Herrera 0-0: Called Strike
0-1: SINGLE (Flyball, 9LS)
Luis Antonio Torres scores
Batting: LHB Mark Everett 0-0: Called Strike
0-1: Swinging Strike
0-2: Foul Ball, location: 2F
0-2: Foul Ball, location: 2F
0-2: Foul Ball, location: 2F
0-2: Foul Ball, location: 2F
0-2: Ball
1-2: Ball
2-2: Ball
3-2: Ground out U3 (Groundball, 3S)
Top of the 1st over - 1 run(s), 2 hit(s), 0 error(s), 1 left on base; Maui 1 - New Orleans 0
BOTTOM OF THE 1ST
New Orleans Looters batting - Pitching for Maui Tropics : RHP Ronald Cotton
Pitching: RHP Ronald Cotton
Batting: SHB Arturo Sánchez 0-0: Ball
1-0: SINGLE (Line Drive, 34)
Batting: RHB Rubén Vázquez 0-0: Ball
1-0: Foul Ball, location: 2F
1-1: Foul Ball, location: 2F
1-2: Ground out 3-1 (Groundball, 34S)
Arturo Sánchez to second
Batting: LHB Seung-chun Mun 0-0: Ball
1-0: Ball
2-0: Called Strike
2-1: Ball
3-1: Base on Balls
Batting: RHB Stephen Shaw 0-0: Called Strike
0-1: Swinging Strike
0-2: Strikes out swinging
Batting: RHB Dave O'Loan 0-0: Fly out, F8 (Flyball, 78XD)
Bottom of the 1st over - 0 run(s), 1 hit(s), 0 error(s), 2 left on base; Maui 1 - New Orleans 0
TOP OF THE 2ND
Maui Tropics batting - Pitching for New Orleans Looters : RHP Chris Martin
Batting: RHB Luis Alou 0-0: Ground out 6-3 (Groundball, 6)
Batting: RHB Michael Woodruff 0-0: Swinging Strike
0-1: Called Strike
0-2: Strikes out looking
Batting: RHB José Rodríguez 0-0: Swinging Strike
0-1: Foul Ball, location: 2F
0-2: Ball
1-2: Ball
2-2: DOUBLE (Flyball, 9D)
Batting: RHB Matt Silver 0-0: Ball
1-0: Called Strike
1-1: SINGLE (Groundball, 56D)
José Rodríguez to third
Runner from 3rd tries for Home, SAFE, no throw
Batting: LHB Mike Pearson 0-0: Called Strike
0-1: Called Strike
Matt Silver is caught stealing 2nd base
Top of the 2nd over - 1 run(s), 2 hit(s), 0 error(s), 0 left on base; Maui 2 - New Orleans 0
BOTTOM OF THE 2ND
New Orleans Looters batting - Pitching for Maui Tropics : RHP Ronald Cotton
Batting: LHB Eduardo Rodríguez 0-0: Called Strike
0-1: Foul Ball, location: 2F
0-2: Foul Ball, location: 2F
0-2: Foul Ball, location: 2F
0-2: Ball
1-2: SINGLE (Groundball, 34D)
Batting: LHB Taylor Smith 0-0: Fly out, F5 (Popup, 5S)
Batting: RHB Run-ming Zhu 0-0: Called Strike
0-1: Ball
1-1: Ball
2-1: Foul Ball, location: 2F
2-2: Foul Ball, location: 2F
2-2: Strikes out looking
Batting: LHB Miguel Colón 0-0: Ball
1-0: Swinging Strike
1-1: Foul Ball, location: 2F
1-2: Ball
2-2: Strikes out looking
Bottom of the 2nd over - 0 run(s), 1 hit(s), 0 error(s), 1 left on base; Maui 2 - New Orleans 0
TOP OF THE 3RD
Maui Tropics batting - Pitching for New Orleans Looters : RHP Chris Martin
Batting: LHB Mike Pearson 0-0: Called Strike
0-1: Called Strike
0-2: Strikes out swinging
Batting: LHB Luis Antonio Torres 0-0: Swinging Strike
0-1: Ball
1-1: Ground out 4-3 (Groundball, 34)
Batting: RHB Jesús Espinoza 0-0: Ball
1-0: Fly out, F7 (Line Drive, 7)
Top of the 3rd over - 0 run(s), 0 hit(s), 0 error(s), 0 left on base; Maui 2 - New Orleans 0
BOTTOM OF THE 3RD
New Orleans Looters batting - Pitching for Maui Tropics : RHP Ronald Cotton
Batting: SHB Arturo Sánchez 0-0: Called Strike
0-1: Ground out 5-3 (Groundball, 56S)
Batting: RHB Rubén Vázquez 0-0: Swinging Strike
0-1: Ball
1-1: Foul Ball, location: 2F
1-2: Ground out 4-3 (Groundball, 4)
Batting: LHB Seung-chun Mun 0-0: Ground out 1-3 (Groundball, 13S)
Bottom of the 3rd over - 0 run(s), 0 hit(s), 0 error(s), 0 left on base; Maui 2 - New Orleans 0
TOP OF THE 4TH
Maui Tropics batting - Pitching for New Orleans Looters : RHP Chris Martin
Batting: RHB José Herrera 0-0: SINGLE (Groundball, 56D)
Batting: LHB Mark Everett 0-0: Ball
1-0: Called Strike
1-1: Grounds into double play, 1-6-3 (Groundball, 13S)
Batting: RHB Luis Alou 0-0: Ball
1-0: Ball
2-0: Foul Ball, location: 2F
2-1: SINGLE (Flyball, 7S)
Batting: RHB Michael Woodruff 0-0: Foul Ball, location: 2F
0-1: Ball
1-1: Swinging Strike
1-2: DOUBLE (Line Drive, 7LD)
Luis Alou to third
Batting: RHB José Rodríguez 0-0: Foul Ball, location: 2F
0-1: Called Strike
0-2: Foul Ball, location: 2F
0-2: Strikes out swinging
Top of the 4th over - 0 run(s), 3 hit(s), 0 error(s), 2 left on base; Maui 2 - New Orleans 0
BOTTOM OF THE 4TH
New Orleans Looters batting - Pitching for Maui Tropics : RHP Ronald Cotton
Batting: RHB Stephen Shaw 0-0: Called Strike
0-1: Ball
1-1: Ball
2-1: Fly out, F6 (Line Drive, 6)
Batting: RHB Dave O'Loan 0-0: Called Strike
0-1: Ball
1-1: Ball
2-1: Called Strike
2-2: Ball
3-2: SINGLE (Groundball, 56D)
Batting: LHB Eduardo Rodríguez 0-0: Called Strike
0-1: Ball
1-1: Swinging Strike
1-2: Strikes out looking
Batting: LHB Taylor Smith 0-0: Ball
1-0: Ball
2-0: Ball
3-0: Called Strike
3-1: Fly out, F9 (Flyball, 9LM)
Bottom of the 4th over - 0 run(s), 1 hit(s), 0 error(s), 1 left on base; Maui 2 - New Orleans 0
TOP OF THE 5TH
Maui Tropics batting - Pitching for New Orleans Looters : RHP Chris Martin
Batting: RHB Matt Silver 0-0: Ball
1-0: Fly out, F8 (Flyball, 8LXD)
Batting: LHB Mike Pearson 0-0: Called Strike
0-1: Fly out, F3 (Popup, 34)
Batting: LHB Luis Antonio Torres 0-0: Ball
1-0: Called Strike
1-1: Ball
2-1: SINGLE (Groundball, 56D)
Batting: RHB Jesús Espinoza 0-0: Swinging Strike
0-1: Ball
1-1: Swinging Strike
1-2: Ball
2-2: Foul Ball, location: 2F
2-2: Strikes out swinging
Top of the 5th over - 0 run(s), 1 hit(s), 0 error(s), 1 left on base; Maui 2 - New Orleans 0
BOTTOM OF THE 5TH
New Orleans Looters batting - Pitching for Maui Tropics : RHP Ronald Cotton
Batting: RHB Run-ming Zhu 0-0: Ball
1-0: Ball
2-0: Ball
3-0: Called Strike
3-1: Base on Balls
Batting: LHB Miguel Colón 0-0: Ball
1-0: Called Strike
1-1: Foul Ball, location: 2F
1-2: Foul Ball, location: 2F
1-2: Ball
2-2: Ball
3-2: Foul Ball, location: 2F
3-2: Foul Ball, location: 2F
3-2: Foul Ball, location: 2F
3-2: Base on Balls
Run-ming Zhu to second
Batting: SHB Arturo Sánchez 0-0: Foul Ball, location: 2F
0-1: Ball
1-1: Ball
2-1: Foul Ball, location: 2F
2-2: Grounds into double play, 6-4-3 (Groundball, 6)
Run-ming Zhu to third
Batting: RHB Rubén Vázquez 0-0: Called Strike
0-1: Swinging Strike
0-2: Ball
1-2: Strikes out swinging
Bottom of the 5th over - 0 run(s), 0 hit(s), 0 error(s), 1 left on base; Maui 2 - New Orleans 0
TOP OF THE 6TH
Maui Tropics batting - Pitching for New Orleans Looters : RHP Chris Martin
Batting: RHB José Herrera 0-0: Foul Ball, location: 2F
0-1: Ball
1-1: Ball
2-1: Fly out, F6 (Flyball, 6D)
Batting: LHB Mark Everett 0-0: Ball
1-0: Fly out, F7 (Flyball, 78M)
Batting: RHB Luis Alou 0-0: Called Strike
0-1: Ball
1-1: Swinging Strike
1-2: Fly out, F8 (Flyball, 78XD)
Top of the 6th over - 0 run(s), 0 hit(s), 0 error(s), 0 left on base; Maui 2 - New Orleans 0
BOTTOM OF THE 6TH
New Orleans Looters batting - Pitching for Maui Tropics : RHP Ronald Cotton
Batting: LHB Seung-chun Mun 0-0: Ball
1-0: Called Strike
1-1: DOUBLE (Line Drive, 8RXD) - OUT at third base trying to stretch hit.
Batting: RHB Stephen Shaw 0-0: Called Strike
0-1: Swinging Strike
0-2: Fly out, F7 (Flyball, 7)
Batting: RHB Dave O'Loan 0-0: Ball
1-0: Called Strike
1-1: Ball
2-1: Called Strike
2-2: Strikes out swinging
Bottom of the 6th over - 0 run(s), 1 hit(s), 0 error(s), 0 left on base; Maui 2 - New Orleans 0
TOP OF THE 7TH
Maui Tropics batting - Pitching for New Orleans Looters : RHP Chris Martin
Batting: RHB Michael Woodruff 0-0: Ball
1-0: SINGLE (Groundball, 4D)
Batting: RHB José Rodríguez 0-0: Sac Bunt - play at first, batter OUT! 2-3
Michael Woodruff to second
Batting: RHB Matt Silver 0-0: Ball
1-0: Fly out, F7 (Flyball, 7S)
Batting: LHB Mike Pearson 0-0: Ball
1-0: Ball
2-0: Foul Ball, location: 2F
2-1: Ball
3-1: Fly out, F6 (Line Drive, 56)
Top of the 7th over - 0 run(s), 1 hit(s), 0 error(s), 1 left on base; Maui 2 - New Orleans 0
BOTTOM OF THE 7TH
New Orleans Looters batting - Pitching for Maui Tropics : RHP Ronald Cotton
Batting: LHB Eduardo Rodríguez 0-0: Ball
1-0: Ball
2-0: DOUBLE (Line Drive, 7LD)
Batting: LHB Taylor Smith 0-0: Ground out 4-3 (Groundball, 4M)
Eduardo Rodríguez to third
Batting: RHB Run-ming Zhu 0-0: Reached on error, E5 (Groundball, 56S)
Eduardo Rodríguez scores
Batting: LHB Miguel Colón 0-0: Called Strike
0-1: Fly out, F8 (Flyball, 8LS)
Batting: SHB Arturo Sánchez 0-0: Fly out, F3 (Popup, 3S)
Bottom of the 7th over - 1 run(s), 1 hit(s), 1 error(s), 1 left on base; Maui 2 - New Orleans 1
TOP OF THE 8TH
Maui Tropics batting - Pitching for New Orleans Looters : RHP Chris Martin
Batting: LHB Luis Antonio Torres 0-0: Called Strike
0-1: Ball
1-1: Ball
2-1: Called Strike
2-2: Strikes out looking
Batting: RHB Jesús Espinoza 0-0: Ball
1-0: Ground out 6-3 (Groundball, 6)
Batting: RHB José Herrera 0-0: Called Strike
0-1: Ball
1-1: Foul Ball, location: 2F
1-2: Ball
2-2: SINGLE (Line Drive, 4MD)
Batting: LHB Mark Everett 0-0: Called Strike
0-1: Called Strike
0-2: Foul Ball, location: 2F
0-2: Strikes out swinging
Top of the 8th over - 0 run(s), 1 hit(s), 0 error(s), 1 left on base; Maui 2 - New Orleans 1
BOTTOM OF THE 8TH
New Orleans Looters batting - Pitching for Maui Tropics : RHP Ronald Cotton
Batting: RHB Rubén Vázquez 0-0: DOUBLE (Line Drive, 8RXD)
Batting: LHB Seung-chun Mun 0-0: Ball
1-0: Swinging Strike
1-1: Called Strike
1-2: Foul Ball, location: 2F
1-2: Strikes out swinging
Batting: RHB Stephen Shaw 0-0: Foul Ball, location: 2F
0-1: Ball
1-1: Ball
2-1: Ground out 5-3 (Groundball, 56S)
Rubén Vázquez to third
Batting: RHB Dave O'Loan 0-0: Ball
1-0: Fly out, F9 (Flyball, 9LS)
Bottom of the 8th over - 0 run(s), 1 hit(s), 0 error(s), 1 left on base; Maui 2 - New Orleans 1
TOP OF THE 9TH
Maui Tropics batting - Pitching for New Orleans Looters : RHP Chris Martin
Batting: RHB Luis Alou 0-0: Called Strike
0-1: Swinging Strike
0-2: Foul Ball, location: 2F
0-2: Ground out 5-3 (Groundball, 5D)
Pitching: RHP Juan Flores
Batting: RHB Michael Woodruff 0-0: Ball
1-0: DOUBLE (Line Drive, 89XD)
Pinch Hitting: LHB José Rivas 0-0: Intentional Walk
Batting: RHB Matt Silver 0-0: Foul Ball, location: 2F
0-1: Ball
1-1: Swinging Strike
1-2: Strikes out looking
Pitching: LHP Tadao Yoshida
Pinch Hitting: RHB Ximena Campos 0-0: Called Strike
0-1: Foul Ball, location: 2F
0-2: Ball
1-2: Ball
2-2: Hit by Pitch
Michael Woodruff to third
José Rivas to second
Pitching: LHP Santiago Valentín
Batting: LHB Luis Antonio Torres 0-0: Foul Ball, location: 2F
0-1: Swinging Strike
0-2: Ball
1-2: Strikes out swinging
Top of the 9th over - 0 run(s), 1 hit(s), 0 error(s), 3 left on base; Maui 2 - New Orleans 1
BOTTOM OF THE 9TH
New Orleans Looters batting - Pitching for Maui Tropics : RHP Ronald Cotton
Pitching: RHP Yong-taek Yi
Now at 2B: Ryobe Yamamoto
Now in CF: Don Hull
Batting: LHB Eduardo Rodríguez 0-0: Foul Ball, location: 2F
0-1: Ball
1-1: Hit by Pitch
Batting: LHB Taylor Smith 0-0: Called Strike
0-1: 2-RUN HOME RUN (Flyball, 9D), Distance : 363 ft
Tuesday, August 8th, 2017 - OOTP Baseball 17.12 Build 75